 Dungeon Crawl Stone Soup version 0.19-a0-1907-gcff654f (webtiles) character file.

996 pokedragonboy the Covered (level 8, 0/64 HPs)
             Began as a Formicid Fighter on Oct 21, 2016.
             Was a Follower of Okawaru.
             Slain by a killer bee (7 damage)
             ... on level 5 of the Dungeon.
             The game lasted 00:10:51 (4150 turns).

pokedragonboy the Covered (Formicid Fighter)        Turns: 4150, Time: 00:10:52

Health: 0/64       AC: 15    Str: 21    XL:     8   Next: 42%
Magic:  8/8        EV: 10    Int:  9    God:    Okawaru [*.....]
Gold:   214        SH: 11    Dex: 16    Spells: 0 memorised, 7 levels left

rFire  + . .     SeeInvis +     a - +2 war axe
rCold  . . .     Gourm    .     d - +1 plate armour
rNeg   . . .     Faith    .     c - +0 shield
rPois  .         Spirit   .     (helmet unavailable)
rElec  .         Reflect  .     (no cloak)
rCorr  .         Harm     .     l - +0 pair of gloves
MR     .....                    (no boots)
Stlth  ..........               (no amulet)
                                (no ring)
                                q - ring of protection from fire

@: agile, lethally poisoned (0 -> -1)
A: permanent stasis, dig shafts and tunnels, four strong arms, antennae 3
a: Dig, Shaft Self, Heroism, Renounce Religion


You were on level 5 of the Dungeon.
You worshipped Okawaru.
Okawaru was aware of your devotion.
You were not hungry.

You visited 1 branch of the dungeon, and saw 5 of its levels.

You collected 214 gold pieces.

Inventory:

Hand Weapons
 a - a +2 war axe (weapon)
Missiles
 m - 3 tomahawks (quivered)
Armour
 c - a +0 shield (worn)
 d - a +1 plate armour (worn)
 l - a +0 pair of gloves (worn)
Jewellery
 p - a cursed ring of loudness
 q - a ring of protection from fire (left hand)
Wands
 i - a wand of flame (20/48)
Scrolls
 e - a scroll of magic mapping
 k - 2 scrolls of remove curse
 s - a scroll of fog
 w - a scroll of immolation {unknown}
Potions
 j - 2 potions of mutation {unknown}
 n - a potion of agility
 r - a potion of curing {unknown}
 v - a potion of invisibility {unknown}
Comestibles
 f - 4 bread rations
 g - 2 beef jerkies
 h - 2 meat rations
 u - a slice of pizza


   Skills:
 + Level 5.8 Fighting
 + Level 4.6 Axes
 + Level 6.6 Armour
 + Level 6.2 Shields
 * Level 1.2 Invocations


You had 7 spell levels left.
You didn't know any spells.

Dungeon Overview and Level Annotations

Branches:
Dungeon (5/15)             Temple (0/1) D:5

Altars:
Okawaru

Shops:
D:5 =


Innate Abilities, Weirdness & Mutations

You are under a permanent stasis effect.
You can dig through walls and to a lower floor.
Your four strong arms can wield two-handed weapons with a shield.
You have a pair of large antennae on your head. (SInv)


Message History

The killer bee is heavily wounded.
You feel sick. You block the killer bee's attack.
The killer bee completely misses you. You block the killer bee's attack.
You miss the killer bee.
The killer bee is heavily wounded.
You feel sick. You block the killer bee's attack. The killer bee stings you.
* * * LOW HITPOINT WARNING * * *
You hit the killer bee.
The killer bee is heavily wounded.
You block the killer bee's attack. x2; The killer bee stings you.
* * * LOW HITPOINT WARNING * * *
You slash the killer bee!
The killer bee is almost dead.
You feel sick. You block the killer bee's attack.
The killer bee closely misses you.
You barely miss the killer bee.
The killer bee is almost dead.
The killer bee stings you but does no damage.
The killer bee closely misses you. The killer bee stings you!
You die...

### ..# { #.# #.#
#y##############
#.#.............
#..######.#.############
#......@y...########
#...#####..........#####
# ####.....))((((.
#.#####.##### .# #.# ##
.# #.# ##. .# #.# #..
##.####† #.#....#


You could see a killer bee.

Vanquished Creatures
  An ogre (D:5)
  3 centaurs (D:5)
  3 killer bees (D:5)
  A howler monkey (D:4)
  A centaur zombie (D:5)
  2 hounds (D:5)
  An orc priest (D:3)
  5 orc wizards
  2 worker ants (D:4)
  An iguana (D:4)
  7 adders
  2 oozes
  2 worms (D:3)
  3 dart slugs
  13 orcs
  2 giant cockroaches (D:2)
  8 goblins
  8 hobgoblins
  7 jackals
  12 kobolds
  A quokka (D:2)
  2 ball pythons (D:3)
  6 bats
  3 frilled lizards
  7 rats
103 creatures vanquished.

Notes
Turn   | Place    | Note
-------+----------+-------------------------------------------
     0 | D:1      | pokedragonboy the Formicid Fighter began the quest for the Orb.
     0 | D:1      | Reached XP level 1. HP: 18/18 MP: 1/1
   199 | D:1      | Reached XP level 2. HP: 23/24 MP: 2/2
   437 | D:1      | Reached XP level 3. HP: 19/30 MP: 3/3
  1124 | D:2      | Reached XP level 4. HP: 33/37 MP: 4/4
  1775 | D:3      | Reached XP level 5. HP: 37/42 MP: 5/5
  2504 | D:3      | Reached skill level 5 in Shields
  2592 | D:4      | Reached XP level 6. HP: 49/49 MP: 6/6
  2799 | D:4      | Found an iron altar of Okawaru.
  3104 | D:4      | Became a worshipper of Warmaster Okawaru
  3140 | D:4      | Reached skill level 5 in Armour
  3140 | D:4      | Reached XP level 7. HP: 55/55 MP: 7/7
  3295 | D:4      | Reached skill level 5 in Fighting
  3578 | D:5      | Entered Level 5 of the Dungeon
  3814 | D:5      | Found Qamukuen's Jewellery Emporium.
  3973 | D:5      | Reached XP level 8. HP: 54/63 MP: 8/8
  3986 | D:5      | Reached * piety under Okawaru
  4062 | D:5      | Found a staircase to the Ecumenical Temple.
  4143 | D:5      | Reached skill level 1 in Invocations
  4150 | D:5      | Slain by a killer bee

Vault maps used:
D:1:      dpeg_arrival_water_temple_mockup
D:2:      hex_medium
D:3:      first_bread
D:4:      okawaru_metal_pillars_1_2, due_unseen_surprise
D:5:      grunt_temple_overflow_diamond, serial_shops, shop,
          kennysheep_generic_room_12

Skill      XL: |  1  2  3  4  5  6  7  8 |
---------------+-------------------------+-----
Fighting       | 4 5 |  5.8
Shields        | 4 5 6 |  6.2
Armour         | 4 5 6 |  6.6
Axes           | 3 4 |  4.6
Invocations    | 1 |  1.2

Action                   |  1- 3 |  4- 6 |  7- 9 || total
-------------------------+-------+-------+-------++-------
Melee: War axe           |    99 |   189 |   133 ||   421
  Use: Scroll            |     3 |     7 |     4 ||    14
       Potion            |       |     1 |     3 ||     4
  Eat: Chunk             |     1 |     4 |       ||     5
       Meat ration       |       |     1 |       ||     1
       Royal jelly       |       |     1 |       ||     1
Armor: Scale mail        |    43 |    51 |       ||    94
       Plate armour      |       |    87 |    88 ||   175
Dodge: Dodged            |    39 |    70 |    53 ||   162
Block: Shield            |    61 |    88 |    93 ||   242
